 Dungeon Crawl Stone Soup version 0.25-a0-786-g5b70d41e48 (webtiles) character file.

Game seed: 11308866250115662944, levelgen mode: deterministic

2655 Maedhros the Covert (level 9, -2/53 HPs)
             Began as an Octopode Artificer on Apr 18, 2020.
             Slain by an orc warrior
             ... wielding a +0 battleaxe
              (27 damage)
             ... on level 8 of the Dungeon.
             The game lasted 00:10:16 (6264 turns).

Maedhros the Covert (Octopode Artificer)            Turns: 6264, Time: 00:10:17

Health: -2/53      AC:  1    Str: 11    XL:     9   Next: 62%
Magic:  23/23      EV: 14    Int: 16    God:
Gold:   117        SH:  4    Dex: 15    Spells: 8/8 levels left

rFire    . . .     SeeInvis +   n - +4 spear (flame)
rCold    . . .     Gourm    .   v - +0 buckler
rNeg     . . .     Faith    .   (helmet restricted)
rPois    +         Spirit   .   (no amulet)
rElec    .         Reflect  .   k - ring of poison resistance
rCorr    .         Harm     .   i - +2 ring of intelligence
MR       .....                  p - ring of magical power (curse)
Stlth    +++++.....             y - ring of see invisible
HPRegen  0.17/turn              (no ring)
MPRegen  0.18/turn              (no ring)
                                (no ring)
                                (no ring)

@: brilliant
A: almost no armour, stealthy swim, amphibious, 8 rings, constrict 8, camouflage
1, gelatinous body 1
a: no special abilities


You were on level 8 of the Dungeon.
You were very hungry.

You visited 2 branches of the dungeon, and saw 9 of its levels.
You also visited: Sewer.

You collected 193 gold pieces.
You spent 76 gold pieces at shops.

Inventory:

Hand Weapons
 a - a +0 short sword
 n - a +4 spear of flaming (weapon)
 o - a +2 whip of electrocution
Missiles
 l - 2 curare-tipped darts (quivered)
Armour
 v - a +0 buckler (worn)
Jewellery
 i - a +2 ring of intelligence (right tentacle)
 k - a ring of poison resistance (left tentacle)
 p - a cursed ring of magical power (on tentacle)
 y - a ring of see invisible (on tentacle)
Wands
 b - a wand of flame (13)
 c - a wand of enslavement (4)
 d - a wand of random effects (33)
Scrolls
 e - 2 scrolls of blinking {unknown}
 g - 3 scrolls of remove curse {unknown}
 h - 10 scrolls of identify {unknown}
 j - 2 scrolls of magic mapping {unknown}
 m - 3 scrolls of teleportation {unknown}
 q - a scroll of immolation {unknown}
 s - a scroll of enchant weapon {unknown}
 t - 2 scrolls of vulnerability {unknown}
 u - 2 scrolls of fog {unknown}
 w - a scroll of enchant armour {unknown}
Potions
 x - a potion of stabbing
 A - a potion of lignification
Comestibles
 f - 8 rations


   Skills:
 - Level 1.0 Fighting
 - Level 1.0 Short Blades
 + Level 3.4 Dodging
 + Level 9.0 Stealth
 + Level 2.5 Shields
 * Level 8.7 Unarmed Combat
 - Level 7.0 Evocations


You had 8 spell levels left.
You didn't know any spells.
Your spell library was empty.

Dungeon Overview and Level Annotations

Branches:
Dungeon (8/15)             Temple (1/1) D:4           Sewer (visited)
   Lair: D:8-11

Altars:
Ashenzari
Dithmenos
Elyvilon
Fedhas
Gozag
Hepliaklqana
Kikubaaqudgha
Makhleb
Nemelex Xobeh
Okawaru
Qazlal
Ru
Trog
Uskayaw
Vehumet
Wu Jian
Xom
Yredelemnul
Zin
The Shining One
Beogh

Shops:
D:7 [

Annotations:
D:6 3 runed translucent doors, brujo666's ghost, novice HOFi
D:7 3 runed translucent doors, triki's ghost, novice MfVM


Innate Abilities, Weirdness & Mutations

You cannot wear most types of armour.
You are very stealthy in the water. (Stealth+)
You are amphibious.
You can wear up to eight rings at the same time.
You can use your tentacles to constrict eight enemies at once.
Your skin changes colour to match your surroundings (Stealth+).
Your rubbery body absorbs attacks. (AC +1, EV +1)


Message History

You hit the orc warrior. You burn the orc warrior.
Your grab misses the orc warrior.
The orc warrior is lightly wounded.
The orc warrior hits you with a +0 battleaxe!!
You puncture the orc warrior! You burn the orc warrior.
You grab the orc warrior.
You squeeze the orc warrior, but do no damage.
The orc warrior is heavily wounded.
You constrict the orc warrior.
You hit the orc warrior but do no damage.
The orc warrior is heavily wounded.
You constrict the orc warrior. The orc warrior closely misses you.
You hit the orc warrior. You burn the orc warrior.
Your tentacle-slap misses the orc warrior.
You squeeze the orc warrior, but do no damage.
The orc warrior is severely wounded.
You constrict the orc warrior.
The orc warrior hits you with a +0 battleaxe!!
Ouch! That really hurt!
You die...

################
#...........(..#
#.o@.#########.#
#....# #.#
#########.###
#.# #....o....#
#.#####
#.#########
#.##... #.#...#
#.##.## #.....#
#.##.# ###...#
#....# #o..#
######


You could see an orc warrior.

Vanquished Creatures
  Maggie (D:7)
  Grinder (D:5)
  A hippogriff (D:7)
  An ice beast (D:5)
  3 phantoms
  A sky beast (D:6)
  An ogre (D:7)
  A centaur (D:7)
  4 bullfrogs
  4 howler monkeys
  A crimson imp (D:6)
  A jelly (D:6)
  4 orc priests
  2 bullfrog skeletons
  3 hounds
  Terence (D:2)
  3 iguanas
  4 worker ants
  5 orc wizards
  A hound zombie (D:7)
  8 gnolls
  A howler monkey skeleton (D:6)
  8 adders
  4 oozes
  An adder skeleton (D:7)
  An adder zombie (D:7)
  3 worms (D:5)
  13 leopard geckos
  23 orcs
  3 bat zombies (D:7)
  17 giant cockroaches
  4 goblins
  3 hobgoblins (D:1)
  3 jackals (D:1)
  5 kobolds
  12 ball pythons
  3 bats
  15 frilled lizards
  A leopard gecko skeleton (D:4)
  A leopard gecko zombie (D:6)
  9 rats
181 creatures vanquished.

Vanquished Creatures (collateral kills)
  2 adders (D:7)
  2 oozes (Sewer)
  A leopard gecko (Sewer)
  An orc (D:7)
  A giant cockroach (Sewer)
  A quokka zombie (D:7)
8 creatures vanquished.

Vanquished Creatures (others)
  A sky beast (D:7)
  A gnoll shaman (D:5)
  A jelly (D:7)
  A gnoll (D:5)
  A jackal (D:1)
5 creatures vanquished.

Grand Total: 194 creatures vanquished

Notes
Turn   | Place    | Note
-------+----------+-------------------------------------------
     0 | D:1      | Maedhros the Octopode Artificer began the quest for the
                  | Orb.
     0 | D:1      | Reached XP level 1. HP: 13/13 MP: 3/3
   192 | D:1      | Reached skill level 2 in Stealth
   192 | D:1      | Reached skill level 1 in Unarmed Combat
   192 | D:1      | Reached XP level 2. HP: 9/18 MP: 4/4
   633 | D:1      | Reached XP level 3. HP: 19/23 MP: 5/5
  1287 | D:2      | Noticed Terence
  1292 | D:2      | Killed Terence
  1292 | D:2      | Reached XP level 4. HP: 16/28 MP: 6/6
  1434 | D:3      | Reached skill level 3 in Stealth
  1643 | D:4      | Found a stormy altar of Qazlal.
  1643 | D:4      | Found a blossoming altar of Fedhas.
  1657 | D:4      | Found a bloodstained altar of Trog.
  1659 | D:4      | Found a shattered altar of Ashenzari.
  1766 | D:4      | Found a staircase to the Ecumenical Temple.
  1800 | D:4      | Reached XP level 5. HP: 12/33 MP: 8/8
  1827 | Temple   | Entered the Ecumenical Temple
  1954 | D:4      | Noticed a phantom
  1955 | D:4      | Found a sparkling altar of Nemelex Xobeh.
  1971 | D:4      | Killed a phantom
  1971 | D:4      | Reached skill level 4 in Stealth
  2193 | D:5      | Entered Level 5 of the Dungeon
  2211 | D:5      | Reached XP level 6. HP: 38/38 MP: 9/9
  2339 | D:5      | Noticed a phantom
  2352 | D:5      | Killed a phantom
  2406 | D:5      | Noticed Grinder
  2413 | D:5      | Found a basalt altar of Yredelemnul.
  2437 | D:5      | Killed Grinder
  2437 | D:5      | Reached skill level 5 in Stealth
  2437 | D:5      | Reached skill level 5 in Unarmed Combat
  2437 | D:5      | Reached skill level 5 in Evocations
  2437 | D:5      | Reached XP level 7. HP: 27/43 MP: 9/11
  2730 | D:5      | Found a glowing drain.
  2734 | Sewer    | Entered a sewer
  3067 | Sewer    | Reached skill level 6 in Stealth
  3177 | Sewer    | Reached XP level 8. HP: 9/48 MP: 12/12
  3871 | D:6      | Reached skill level 7 in Stealth
  4125 | D:6      | Found an iron altar of Okawaru.
  4433 | D:6      | Found a runed translucent gate.
  4433 | D:6      | Found a runed translucent gate.
  4438 | D:6      | Found a runed translucent gate.
  4470 | D:6      | Noticed brujo666's ghost (novice HOFi)
  4881 | D:7      | Found Did Zugum's Antique Armour Shop.
  4893 | D:7      | Bought a buckler for 76 gold pieces
  5094 | D:7      | Reached skill level 8 in Stealth
  5101 | D:7      | Reached XP level 9. HP: 38/53 MP: 14/14
  5506 | D:7      | Reached skill level 1 in Shields
  5554 | D:7      | Found a runed translucent gate.
  5554 | D:7      | Found a runed translucent gate.
  5554 | D:7      | Found a runed translucent gate.
  5555 | D:7      | Found a roughly hewn altar of Beogh.
  5556 | D:7      | Noticed triki's ghost (novice MfVM)
  5557 | D:7      | Identified the +12 chain mail "Nuh Vuxe" {Int+4}
  5843 | D:7      | Noticed Maggie
  5856 | D:7      | Killed Maggie
  5971 | D:7      | Found an ancient bone altar of Kikubaaqudgha.
  6144 | D:8      | Reached skill level 9 in Stealth
  6264 | D:8      | Slain by an orc warrior

Levels and vault maps discovered:
D:1:      heliophobic_arrival_dark_side_of_the_moon, layout_basic
D:2:      layout_loops_ring, led_sif_pool, lemuel_crystal_altar, serial_forest,
          infiniplex_forest_end_2, infiniplex_forest_clump_tiny,
          infiniplex_forest_end_1, infiniplex_forest_clump_medium,
          infiniplex_forest_clump_small, infiniplex_forest_clump_curved,
          minmay_misc_feat_x, grunt_ministairs_12, uniq_terence
D:3:      layout_basic, corexii_hall_statues_i, fedhas_altar_1
D:4:      layout_rooms, minitemple, temple_statues, first_ration,
          nemelex_xobeh_ov_fountains_minmay
D:5:      layout_cave_pools, lemuel_doored_altar, gup_sewer_entry_spiral,
          uniq_grinder
D:6:      layout_cave_pools, gammafunk_ghost_icy, okawaru_gym_becter
D:7:      layout_rooms, lemuel_zombie_altar_kikubaaqudgha, serial_shops,
          kennysheep_little_box, biasface_ghost_orc_armoury, uniq_maggie
D:8:      layout_basic
Temple:   eino_temple_water

Skill      XL: |  1  2  3  4  5  6  7  8  9 |
---------------+----------------------------+-----
Stealth        | 2 3 4 5 6 8 9 |  9.0
Unarmed Combat | 1 2 3 5 6 7 8 |  8.7
Evocations     | 4 5 6 7 |  7.0
Shields        | 2 |  2.5
Dodging        | 3 |  3.4
Fighting       | |  1.0
Short Blades   | |  1.0

Action                   |  1- 3 |  4- 6 |  7- 9 || total
-------------------------+-------+-------+-------++-------
Melee: Short sword       |    49 |    15 |       ||    64
       Tentacles         |    10 |    11 |    44 ||    65
       Constrict         |    12 |    16 |    61 ||    89
       Punch             |     1 |       |    11 ||    12
       Whip              |       |    43 |     9 ||    52
       Spear             |       |       |   310 ||   310
Evoke: Wand              |     2 |     7 |    25 ||    34
  Use: Potion            |       |       |     4 ||     4
 Stab: Sleeping          |     1 |     7 |    25 ||    33
       Distracted        |     1 |       |     2 ||     3
       Confused          |       |     1 |       ||     1
  Eat: Chunk             |     1 |     4 |    11 ||    16
Armor: Skin              |     1 |     4 |    19 ||    24
Dodge: Dodged            |    25 |    31 |   152 ||   208
Block: Buckler           |       |       |    13 ||    13

Table legend:
 A = Non-vault XP
 B = Vault XP
 C = Vault XP percentage of total XP
 D = Non-vault monster count
 E = Vault monster count
 F = Vault count percentage of total count
                 A         B        C        D         E       F
            +---------+---------+-------+---------+---------+-------
      Total |    2764 |    1029 |  27.1 |     114 |      75 |  39.7
            +---------+---------+-------+---------+---------+-------
        D:1 |      42 |       0 |   0.0 |      23 |       0 |   0.0
        D:2 |       6 |      50 |  89.3 |       3 |       3 |  50.0
        D:3 |      17 |       0 |   0.0 |       7 |       0 |   0.0
        D:4 |     200 |       0 |   0.0 |       8 |       0 |   0.0
        D:5 |     480 |     298 |  38.3 |      15 |       8 |  34.8
        D:6 |     826 |       0 |   0.0 |      31 |       0 |   0.0
        D:7 |     843 |     385 |  31.4 |      19 |       4 |  17.4
        D:8 |     350 |       0 |   0.0 |       8 |       0 |   0.0
      Sewer |       0 |     296 | 100.0 |       0 |      60 | 100.0
            +---------+---------+-------+---------+---------+-------
